 Dungeon Crawl Stone Soup version 0.27.0-1-g7a089689b8 (webtiles) character file.

Game seed: 14131888846835339415

6689 EnegeticOcto the Cleaver (level 10, -3/91 HPs)
             Began as a Minotaur Fighter on Aug 9, 2021.
             Was an Initiate of Gozag.
             Slain by a phantasmal warrior (20 damage)
             ... led by a death knight
             ... on level 9 of the Dungeon.
             The game lasted 00:04:31 (10452 turns).

EnegeticOcto the Cleaver (Minotaur Fighter)        Turns: 10452, Time: 00:04:32

Health: -3/91      AC: 16    Str: 24    XL:     10   Next: 74%
Magic:  9/9        EV:  7    Int:  5    God:    Gozag
Gold:   497        SH: 17    Dex: 16    Spells: 9/9 levels left

rFire    + . .     SeeInvis .   a - +0 war axe (flame)
rCold    . . .     Faith    .   c - +0 kite shield
rNeg     . . .     Spirit   .   n - +2 chain mail {rF+}
rPois    .         Reflect  +   (helmet restricted)
rElec    .         Harm     .   b - +2 cloak
rCorr    .         Rampage  .   (no gloves)
Will     .....                  (no boots)
Stlth    ..........             e - amulet of reflection
HPRegen  0.25/turn              j - +6 ring of dexterity
MPRegen  0.11/turn              (no ring)

@: slowed, very slow
A: horns 2, retaliatory headbutt
a: Renounce Religion, Potion Petition, Call Merchant, Bribe Branch


You were on level 9 of the Dungeon.
You worshipped Gozag.
Gozag was aware of your devotion.
You visited 2 branches of the dungeon, and saw 10 of its levels.

You collected 864 gold pieces.
You spent 266 gold pieces at shops.
You paid 101 gold pieces to Gozag.

Inventory:

Hand Weapons
 a - a +0 war axe of flaming (weapon)
Missiles
 f - a throwing net (quivered)
Armour
 b - a +2 cloak (worn)
 c - a +0 kite shield (worn)
 n - a +2 chain mail of fire resistance (worn)
Jewellery
 e - an amulet of reflection (around neck)
 j - a +6 ring of dexterity (left hand)
 w - a ring of poison resistance
Wands
 q - a wand of polymorph (8)
 t - a wand of acid (9) {@v1}
 z - a wand of iceblast (2) {@v2}
Scrolls
 g - 3 scrolls of noise
 h - a scroll of identify {@r1}
 i - a scroll of blinking {@r4}
 k - a scroll of magic mapping {@r5}
 p - a scroll of enchant armour
 y - a scroll of immolation
Potions
 d - 2 potions of might {@q3}
 l - 2 potions of curing {@q1}
 m - 2 potions of heal wounds {@q2}
 o - a potion of mutation
 r - a potion of lignification
 s - 2 potions of haste {@q4}
 u - a potion of resistance {@q5}
 v - a potion of berserk rage {unknown}
 x - a potion of brilliance {unknown}


   Skills:
 + Level 9.5 Fighting
 * Level 12.3 Axes
 + Level 9.6 Armour
 + Level 9.6 Shields


You had 9 spell levels left.
You didn't know any spells.
Your spell library was empty.

Dungeon Overview and Level Annotations

Branches:
Dungeon (9/15)             Temple (1/1) D:7
   Lair: D:8-11         Orc: D:9-12

Altars:
Ashenzari
Cheibriados
Dithmenos
Elyvilon
Fedhas
Gozag
Hepliaklqana
Kikubaaqudgha
Makhleb
Okawaru
Qazlal
Ru
Sif Muna
Uskayaw
Vehumet
Wu Jian
Xom
Yredelemnul
Zin

Shops:
D:2 =   D:6 [   D:7 **


Innate Abilities, Weirdness & Mutations

You have a pair of horns on your head.
You reflexively headbutt those who attack you in melee.


Message History

You are too injured to fight recklessly!
You are too injured to fight recklessly!
You are too injured to fight recklessly!
You are too injured to fight recklessly!
You are too injured to fight recklessly!
You are too injured to fight recklessly!
You are too injured to fight recklessly!
You are too injured to fight recklessly!
You are too injured to fight recklessly!
You are too injured to fight recklessly!
You are too injured to fight recklessly!
You are too injured to fight recklessly!
You are too injured to fight recklessly!
You are too injured to fight recklessly!
You slash the skeletal warrior! You burn the skeletal warrior.
The skeletal warrior is heavily damaged.
You block the skeletal warrior's attack.
You hit the skeletal warrior but do no damage.
The skeletal warrior is heavily damaged.
You block the skeletal warrior's attack. x2
You barely miss the skeletal warrior.
The skeletal warrior is heavily damaged.
The skeletal warrior hits you with a +0 glaive!
You hit the skeletal warrior but do no damage.
You headbutt the skeletal warrior.
The skeletal warrior is heavily damaged.
The skeletal warrior hits you but does no damage.
The death knight shouts!
You hit the skeletal warrior but do no damage.
The skeletal warrior is heavily damaged.
You block the skeletal warrior's attack.
You slash the skeletal warrior! You burn the skeletal warrior.
You headbutt the skeletal warrior.
The skeletal warrior is almost destroyed.
The skeletal warrior closely misses you.
You furiously retaliate!
You headbutt the skeletal warrior, but do no damage.
You hit the skeletal warrior but do no damage.
You headbutt the skeletal warrior, but do no damage.
The skeletal warrior is almost destroyed.
The death knight reads a scroll.
Wisps of shadow swirl around the death knight.
You block the skeletal warrior's attack.
You slash the skeletal warrior! You burn the skeletal warrior.
You destroy the skeletal warrior!
The death knight calls down the wrath of Yredelemnul upon you.
You struggle to resist.
The death knight offers itself to Yredelemnul, and fills with unholy energy.
There is a stone staircase leading up here.
You climb upwards.
There is a stone staircase leading down here.
You start resting.
HP restored.
You climb downwards.
There is a stone staircase leading up here.
You block the death knight's attack.
You hit the death knight but do no damage.
The death knight offers itself to Yredelemnul, and fills with unholy energy.
You hit the death knight. You burn the death knight.
The death knight is lightly wounded.
The death knight reflects your damage back at you!
You block the death knight's attack.
You closely miss the death knight.
The death knight is lightly wounded.
The death knight hits you with a +2 battleaxe!
You slash the death knight! You burn the death knight.
You headbutt the death knight.
The death knight is moderately wounded.
You barely miss the freezing wraith.
The death knight reflects your damage back at you!
The freezing wraith hits you. The freezing wraith freezes you!
The freezing wraith hits you. The freezing wraith drains your vigour!
You feel yourself slow down. You block the death knight's attack.
You are too injured to fight recklessly!
You are too injured to fight recklessly!
You are too injured to fight recklessly!
You are too injured to fight recklessly!
You are too injured to fight recklessly!
You are too injured to fight recklessly!
You are too injured to fight recklessly!
You are too injured to fight recklessly!
You are too injured to fight recklessly!
You are too injured to fight recklessly!
You are too injured to fight recklessly!
The phantasmal warrior blinks!
There is a stone staircase leading up here.
The death knight's dark mirror aura disappears.
The death knight mumbles some strange prayers to Yredelemnul against you.
Your body is wracked with pain!
* * * LOW HITPOINT WARNING * * *
The phantasmal warrior blinks!
You block the phantasmal warrior's attack.
You closely miss the phantasmal warrior.
You closely miss the death knight.
You block the phantasmal warrior's attack.
The death knight hits you with a +2 battleaxe!
* * * LOW HITPOINT WARNING * * *
The phantasmal warrior hits you!!
You die...
Your body crumbles into a pile of gold.

####+###### ####......# #.#
#...>..# #.# ###'#### #.# #...#
#.# ###.# # #.# #.# # #######.#
#####.## #
'.....#.#############......######
#####..........W@pW.<.......$...Y
# ###.#############......###### #
#.# #......# # # #.# ##.##### # #
#.# ####.# # # ##.# #....# #..#
#.#### #.## ##.####### # #.#
#........#


You could see a death knight, a phantasmal warrior and a freezing wraith.

Vanquished Creatures
  Erolcha (D:9)
  A two-headed ogre (D:9)
  A skeletal warrior (D:9)
  Pikel (D:8)
  Prince Ribbit (D:7)
  A hornet (D:9)
  Sigmund (D:5)
  A steam dragon (D:5)
  Menkaure (D:7)
  An acid dragon (D:9)
  2 ice beasts
  An orc warrior (D:6)
  A hornet zombie (D:9)
  2 black bears
  2 sky beasts (D:7)
  5 ogres
  A centaur (D:8)
  A kobold brigand (D:7)
  A lemure (D:8)
  Blork the orc (D:6)
  A bullfrog (D:8)
  A wyvern zombie (D:9)
  3 gnoll sergeants
  4 scorpions
  2 wyvern skeletons (D:7)
  A water moccasin skeleton (D:6)
  3 wights (D:8)
  3 howler monkeys (D:8)
  A lava snake (D:8)
  2 bullfrog zombies
  3 centaur zombies
  2 hounds
  3 jellies
  4 orc priests
  An iguana (D:7)
  Natasha (twice) (D:3)
  6 orc wizards
  3 killer bee zombies
  A hound zombie (D:5)
  A hound skeleton (D:4)
  2 howler monkey zombies
  16 gnolls
  2 howler monkey skeletons
  8 adders
  A shadow imp (D:5)
  3 white imps
  3 worms
  4 dart slugs
  19 orcs
  13 ball pythons
  4 endoplasms
  2 giant cockroaches
  7 goblins
  4 hobgoblins
  A quokka (D:4)
  6 bats
  4 frilled lizards
  15 kobolds
  14 rats
202 creatures vanquished.

Vanquished Creatures (others)
  A kobold (D:7)
1 creature vanquished.

Grand Total: 203 creatures vanquished

Notes
Turn   | Place    | Note
-------+----------+-------------------------------------------
     0 | D:1      | EnegeticOcto the Minotaur Fighter began the quest for the
                  | Orb.
     0 | D:1      | Reached XP level 1. HP: 19/19 MP: 0/0
    98 | D:1      | Reached XP level 2. HP: 23/27 MP: 1/1
   400 | D:1      | Reached skill level 3 in Axes
  1054 | D:2      | Reached XP level 3. HP: 33/33 MP: 2/2
  1224 | D:2      | Found Kyuchis's Jewellery Boutique.
  1506 | D:2      | Reached XP level 4. HP: 40/40 MP: 3/3
  1737 | D:2      | Found a faded altar of an unknown god.
  1904 | D:3      | Reached skill level 4 in Axes
  2122 | D:3      | Noticed Natasha
  2133 | D:3      | Killed Natasha
  2208 | D:3      | Noticed Natasha
  2217 | D:3      | Killed Natasha
  2218 | D:3      | Reached XP level 5. HP: 43/47 MP: 4/4
  2773 | D:3      | Found a hazy altar of Hepliaklqana.
  3000 | D:4      | Reached skill level 5 in Axes
  3341 | D:4      | Reached XP level 6. HP: 55/55 MP: 5/5
  3550 | D:4      | Reached skill level 5 in Shields
  3650 | D:4      | Reached skill level 5 in Armour
  3698 | D:4      | Reached skill level 5 in Fighting
  4280 | D:5      | Entered Level 5 of the Dungeon
  4348 | D:5      | Reached skill level 6 in Axes
  4387 | D:5      | Reached XP level 7. HP: 61/61 MP: 6/6
  4968 | D:5      | Reached skill level 7 in Axes
  5261 | D:5      | Noticed a steam dragon
  5275 | D:5      | Killed a steam dragon
  5276 | D:5      | Reached XP level 8. HP: 35/70 MP: 7/7
  5620 | D:5      | Noticed Sigmund
  5631 | D:5      | Killed Sigmund
  5632 | D:5      | Reached skill level 8 in Axes
  6009 | D:6      | Found Vokic's Antique Armour Emporium.
  6232 | D:6      | Noticed Blork the orc
  6238 | D:6      | Killed Blork the orc
  6239 | D:6      | Reached skill level 9 in Axes
  6281 | D:6      | Reached XP level 9. HP: 55/79 MP: 8/8
  6745 | D:7      | Noticed Prince Ribbit
  6760 | D:7      | Killed Prince Ribbit
  6908 | D:7      | Found a staircase to the Ecumenical Temple.
  6936 | D:7      | Noticed Menkaure
  6941 | D:7      | Killed Menkaure
  6962 | Temple   | Entered the Ecumenical Temple
  7190 | Temple   | Became a worshipper of Gozag Ym Sagoz the Greedy
  7314 | D:7      | Reached skill level 10 in Axes
  7370 | D:7      | Found Apumore's General Store.
  7373 | D:7      | Found Mont's Specific Store.
  7703 | D:8      | Found a white marble altar of Elyvilon.
  7833 | D:6      | Bought a pair of faintly humming gloves for 266 gold pieces
  7833 | D:6      | Identified the +0 pair of gloves of Yskena {Rampage *Slow
                  | rPois rCorr} (You bought it in a shop on level 6 of the
                  | Dungeon)
  8379 | D:8      | Noticed Pikel
  8392 | D:8      | Killed Pikel
  8393 | D:8      | Reached skill level 11 in Axes
  8393 | D:8      | Reached XP level 10. HP: 61/90 MP: 9/9
  8920 | D:9      | Noticed Erolcha
  8935 | D:9      | Killed Erolcha
  9220 | D:9      | Noticed a death knight
  9220 | D:9      | Noticed a phantasmal warrior
  9221 | D:9      | Noticed a skeletal warrior
  9608 | D:9      | Noticed a two-headed ogre
  9617 | D:9      | Killed a two-headed ogre
  9618 | D:9      | Reached skill level 12 in Axes
 10226 | D:9      | Killed a skeletal warrior
 10227 | D:9      | Noticed a two-headed ogre
 10452 | D:9      | Slain by a phantasmal warrior

Illustrated notes

Levels and vault maps discovered:
D:1:      dpeg_arrival_simpleton_b, layout_basic, grunt_decor_junction,
          minmay_rat_gold_closets
D:2:      layout_loops_ring, serial_shops, nicolae_shop_crystal,
          shapermc_ecumenical_altar_petra
D:3:      layout_loops_cross, mainiacjoe_overflow_cross_hatched, uniq_natasha
D:4:      minmay_wonky_spiral, layout_loops_ring, serial_rivers,
          chequers_serial_rivers_large_b, chequers_serial_rivers_micro_a,
          chequers_serial_rivers_micro_d, chequers_serial_rivers_micro_d,
          chequers_serial_rivers_marsh
D:5:      layout_loops_ring, uniq_sigmund
D:6:      layout_cave_pools, serial_shops, nicolae_shop_stone,
          uniq_blork_the_orc
D:7:      layout_basic, minmay_temple_entry_grid, nicolae_specific_store,
          uniq_prince_ribbit1, uniq_menkaure
D:8:      cheibrodos_helix_gallery, layout_rooms, kennysheep_mini_moat,
          minivault_1, kennysheep_generic_room_16, uniq_pikel
D:9:      layout_roguey, uniq_erolcha
Temple:   regret_index_temple_mists

Skill      XL: |  1  2  3  4  5  6  7  8  9 10 |
---------------+-------------------------------+-----
Axes           | 3 4 5 6 7 9 11 12 | 12.3
Fighting       | 4 5 6 7 8 9 |  9.5
Armour         | 4 5 6 7 8 9 |  9.6
Shields        | 4 5 6 7 8 9 |  9.6

Action                   |  1- 3 |  4- 6 |  7- 9 | 10-12 || total
-------------------------+-------+-------+-------+-------++-------
Melee: War axe           |    77 |   154 |   258 |    78 ||   567
       Headbutt          |    12 |    22 |    72 |    15 ||   121
  Use: Potion            |       |     3 |       |       ||     3
       Scroll            |       |       |    13 |     2 ||    15
Armor: Scale mail        |    32 |     9 |       |       ||    41
       Chain mail        |       |    83 |   109 |    14 ||   206
Dodge: Dodged            |    22 |    39 |    47 |     5 ||   113
Block: Kite shield       |    37 |    96 |   197 |    48 ||   378
       Reflection        |       |       |    12 |       ||    12
